AoeStats
← turlockjj

Arena

508140563Analyzed
1v1 RM · 12d ago on Sep 21, 2026· 16m 55s· 2 players
Game mode
Random Map
Map size
Tiny (2 player)
Population
200
Speed
Normal
Resources
Standard
Victory
Conquest
Starting age
Dark Age
Ending age
Imperial Age
RankedLock teamsTeams togetherTeam positionsShared explorationLock speedFull tech treeHidden civsTurbo modeCheats
Victory
Defeat
🇺🇸 Ethiopians · United States
747
+34
🇦🇷 Wu · Argentina
710
-14
turlockjj
11:37 Feudal Age
13:21 Wheelbarrow
13:46 Wheelbarrow
14:15 Horse Collar
19:11 Castle Age
19:20 Castle Age
NKPIN
10:44 Feudal Age
13:18 Double-Bit Axe
Connection lost

Rejoining the realm…

Still unreachable

The connection could not be restored.

Session expired

The server has moved on; the page needs a fresh start.